[Event "*** Titled Tuesday Blitz"]
[Site "Chess.com"]
[Date "2020.05.05"]
[Round "1"]
[White "vlad_Sid"]
[Black "ketster"]
[Result "1-0"]
[WhiteElo "2601"]
[BlackElo "2273"]
[TimeControl "180+1"]
[EndTime "10:07:09 PDT"]
[Termination "vlad_Sid won on time"]

1. c4 Nf6 2. g3 e6 3. Bg2 d5 4. Nf3 d4 5. O-O c5 6. b4 cxb4 7. a3 a5 8. e3 Nc6 9. Bb2 dxe3 10. fxe3 Be7 11. d4 Ra6 12. Nbd2 O-O 13. e4 e5 14.
d5 bxa3 15. Bxa3 Bxa3 16. Rxa3 Qd6 17. Qc1 Nd4 18. Nxd4 exd4 19. c5 Qe5 20. Nc4 Qe7 21. d6 Qe6 22. Rxa5 Rxa5 23. Nxa5 Nxe4 24. Re1 f5 25. Qc2 Re8 26. Nb3 Qd5 27. Rd1 Be6 28. Nxd4 Qxc5 29. Bxe4 Qxd6 30. Nxe6 Qb6+ 31. Qc5 Qxc5+ 32.
Nxc5 fxe4 33. Nxb7 e3 34. Rd8 Rxd8 35. Nxd8 g6 36.
Kf1 Kg7 37. Ke2 h5 38. Kxe3 g5 39. Ne6+ Kf6 40. Nd4 h4 41. g4 Kg6 42. Ke4 Kf6 43. Nf3 Kg6 44. Ke5 h3 45. Ke6 Kh6 46. Kf6 1-0

[Event "*** Titled Tuesday Blitz"]
[Site "Chess.com"]
[Date "2020.05.05"]
[Round "1"]
[White "KarstenHansch"]
[Black "neurisdr"]
[Result "0-1"]
[WhiteElo "2413"]
[BlackElo "2794"]
[TimeControl "180+1"]
[EndTime "10:07:10 PDT"]
[Termination "neurisdr won by resignation"]

1. e4 c5 2. Nf3 d6 3. Bb5+ Bd7 4.
Bxd7+ Nxd7 5. O-O Ngf6 6. Qe2 e6 7. c4 Be7 8. Nc3 O-O 9. d4 cxd4 10. Nxd4 a6 11.
b3 Rc8 12. Bb2 Qa5 13. Rad1 Rfe8 14. f4 Bf8 15. f5 e5 16. Nc2 b5 17. Ne3 b4 18.
Ncd5 Qxa2 19. Nxf6+ Nxf6 20. Qc2 Qa5 21. Nd5 Nxd5 22.
Rxd5 Qc7 23. Ra1 Qb7 24. Bc1 Rc5 25. Qd3 Rxd5 26. Qxd5 Qb6+ 27. Kf1 Rc8 28. Qd3 a5 29. Be3 Qd8 30. Qd5 Ra8 31. g3 g6 32. g4 a4 33. Bd2 a3 34. Bxb4 a2 35. Bc3 Ra3 36.
Qd1 Qh4 37. Kg2 h5 38. h3 Bh6 39. Be1 Qg5 40. Qxd6 Ra8 41. Qd5 Rd8 42. Qa5 hxg4 43. hxg4 Qxg4+ 44. Kf1 Qf3+ 45. Bf2 Rd2 46. Qa8+ Kg7 47.
Qa6 0-1

[Event "*** Titled Tuesday Blitz"]
[Site "Chess.com"]
[Date "2020.05.05"]
[Round "1"]
[White "gui_borba"]
[Black "LikeWater"]
[Result "0-1"]
[WhiteElo "2370"]
[BlackElo "2716"]
[TimeControl "180+1"]
[EndTime "10:07:10 PDT"]
[Termination "LikeWater won by resignation"]

1. d4 Nf6 2. Bf4 d6 3. Nc3 c6 4. e4 g6 5. Qd2 Bg7 6. O-O-O O-O 7.
Nf3 b5 8. Qe3 b4 9. Ne2 Ng4 10.
Qb3 Nxf2 11. Rg1 Nxd1 12. Kxd1 a5 13. g4 Be6 14. Qe3 Bxa2 15. h4 a4 16. h5 Bc4 17.
Bh6 a3 18. bxa3 Rxa3 19. Qd2 Rxf3 20. Rh1 Qa5 21. Bxg7 Qa1+ 22. Nc1 Rxf1+ 23. Rxf1 Bxf1 24. Bxf8 Kxf8 25. Qxb4 Nd7 26. Kd2 Qa7 27. Nb3 c5 28. dxc5 Nxc5 29. Ke1 Bg2 30. Qd4 f6 31. h6 Bxe4 32.
Nxc5 Qxc5 33. Qxe4 Qe5 34. Qxe5 fxe5 35. Ke2 Kf7 36.
Ke3 Ke6 37. c4 Kd7 38. Ke4 Kc6 39. Ke3 Kc5 40. Kd3 e6 41. Kc3 e4 42. g5 e5 43. Kb3 Kd4 0-1

[Event "*** Titled Tuesday Blitz"]
[Site "Chess.com"]
[Date "2020.05.05"]
[Round "1"]
[White "Filip_Covic"]
[Black "DenLaz"]
[Result "0-1"]
[WhiteElo "2355"]
[BlackElo "2687"]
[TimeControl "180+1"]
[EndTime "10:07:10 PDT"]
[Termination "DenLaz won by resignation"]

1. d4 d5 2. c4 c6 3. Nc3 Nf6 4. Nf3 dxc4 5. a4 Bf5 6. Ne5 Nbd7 7. Nxc4 Qc7 8. e3 e5 9. Bd3 Bxd3 10. Qxd3 Bb4 11. O-O O-O 12. Bd2 exd4 13. exd4 a5 14. Rfe1 Rad8 15. Qf3 Rfe8 16. Bf4 Qc8 17. Nd6 Bxd6 18.
Bxd6 Rxe1+ 19. Rxe1 Re8 20. Re3 Nb6 21. h3 Nbd5 22. Rxe8+ Qxe8 23. Be5 Qe6 24. Nxd5 Nxd5 25. Qb3 Qd7 26. Qc4 f6 27. Bg3 g6 28. Kh2 Kg7 29. Qc5 b6 30. Qc2 h5 31. Qe4 Qe7 32. Qxe7+ Nxe7 33. Bd6 Nd5 34. Kg3 Kf7 35. Kf3 Ke6 36.
Bf4 Nxf4 37. Kxf4 Kd5 38. Ke3 b5 39. Kd3 bxa4 40. h4 c5 41. dxc5 Kxc5 42. Kc3 Kb5 43. g3 Kc5 44. f3 f5 45. f4 Kb5 46. Kd3 Kb4 47. Kc2 Kc4 0-1

[Event "*** Titled Tuesday Blitz"]
[Site "Chess.com"]
[Date "2020.05.05"]
[Round "1"]
[White "Colombiano07"]
[Black "11kevin"]
[Result "0-1"]
[WhiteElo "2155"]
[BlackElo "2523"]
[TimeControl "180+1"]
[EndTime "10:07:10 PDT"]
[Termination "11kevin won by resignation"]

1. d4 Nf6 2. Nf3 e6 3. e3 c5 4.
Bd3 Be7 5. O-O O-O 6. b3 b6 7. Bb2 Bb7 8. Nbd2 d6 9. Qe2 Nbd7 10. c4 a6 11. Rfd1 Qc7 12. Rac1 Rac8 13. Bb1 Rfe8 14. e4 cxd4 15. Nxd4 Qb8 16. f3 Bf8 17. Nf1 d5 18. Ng3 e5 19. Ndf5 d4 20. Nf1 g6 21. N5g3 Bh6 22. Rc2 Nc5 23. Qf2 Red8 24. Bc1 d3 25. Bxh6 dxc2 26. Rxd8+ Rxd8 27. Bxc2 Ne6 28. Ne3 Nd4 29.
Nd5 Nxd5 30. exd5 f5 31. b4 Qd6 32. a3 a5 33. bxa5 bxa5 34. Be3 Nxc2 35. Qxc2 f4 36.
Ne4 Qxa3 37. Bc5 Qa1+ 38. Kf2 Ba6 39. Nf6+ Kf7 40. Ng4 Rxd5 41. Bb6 h5 42. Qe4 Qb2+ 0-1

[Event "*** Titled Tuesday Blitz"]
[Site "Chess.com"]
[Date "2020.05.05"]
[Round "1"]
[White "KingChess345"]
[Black "TheCavemanChesss"]
[Result "1-0"]
[WhiteElo "2168"]
[BlackElo "2507"]
[TimeControl "180+1"]
[EndTime "10:07:11 PDT"]
[Termination "KingChess345 won by resignation"]

1. d4 Nf6 2. Nf3 g6 3. g3 Bg7 4. Bg2 O-O 5. O-O d6 6. c4 Nbd7 7. Nc3 e5 8. b3 Re8 9. e4 c6 10. Bb2 exd4 11. Nxd4 Nc5 12. Qc2 a5 13. Rad1 Qe7 14.
Rfe1 h5 15. h3 Be6 16. Kh2 Rad8 17. f4 h4 18. g4 Bxg4 19. hxg4 Nxg4+ 20. Kh1 h3 21. Bxh3 Qh4 22. Kg2 Bxd4 23. Rxd4 Ne6 24. Qd2 Nxd4 25.
Qxd4 Qxe1 26. Bxg4 c5 27. Qd3 d5 28. Nxd5 Kf8 29.
Bf6 Rd6 30. e5 Rxf6 31. Nxf6 Ra8 32. Qh3 Ke7 33. Qh4 Qd2+ 34. Qf2 Qxf2+ 35. Kxf2 Rd8 36. Nd5+ Ke8 37. Ke3 Ra8 38. Nc7+ 1-0

[Event "*** Titled Tuesday Blitz"]
[Site "Chess.com"]
[Date "2020.05.05"]
[Round "1"]
[White "gahryman"]
[Black "Ceejay271"]
[Result "0-1"]
[WhiteElo "2645"]
[BlackElo "2357"]
[TimeControl "180+1"]
[EndTime "10:07:12 PDT"]
[Termination "Ceejay271 won by resignation"]

1. e4 c5 2. Nf3 Nc6 3. d4 cxd4 4. Nxd4 g6 5. Nc3 Bg7 6. Be3 Nf6 7. Bc4 O-O 8. Bb3 Re8 9. f3 e6 10. Nxc6 dxc6 11.
Qxd8 Rxd8 12. a4 a5 13. Ke2 Bd7 14. Rhd1 Be8 15. Rxd8 Rxd8 16. Bb6 Ra8 17. Rd1 Nd7 18.
Be3 b6 19. Rd6 Rc8 20. Bc4 Bf8 21. Rd1 Bc5 22. Bxc5 Nxc5 23. e5 Kf8 24. Ke3 Ke7 25.
b3 Rd8 26. Rxd8 Kxd8 27. h4 h6 28. f4 Ke7 29. g4 Bd7 30. g5 hxg5 31. fxg5 Bc8 32.
Be2 Ba6 33. Bf3 Bb7 34. Ne4 Nxe4 35. Bxe4 Kd7 36. Kf4 Ba6 37. c4 c5 38. Kg4 Ke7 39. h5 gxh5+ 40. Kxh5 Kf8 41. Kh6 Bc8 42.
Bc6 Ba6 43. Bd7 Bb7 44. g6 fxg6 45. Bxe6 Be4 46. Bd5 Bc2 47. Kg5 Ke7 48. Bc6 Bxb3 49. Bb5 Bc2 50. Kf4 Ke6 51. Ba6 g5+ 52. Kxg5 Kxe5 53.
Bb5 Kd4 54. Kf6 Bd3 55. Ke6 Bxc4+ 0-1

[Event "*** Titled Tuesday Blitz"]
[Site "Chess.com"]
[Date "2020.05.05"]
[Round "1"]
[White "mjray79"]
[Black "Shoytan"]
[Result "0-1"]
[WhiteElo "2259"]
[BlackElo "2586"]
[TimeControl "180+1"]
[EndTime "10:07:12 PDT"]
[Termination "Shoytan won by resignation"]

1. d4 Nf6 2. c4 g6 3. Nc3 Bg7 4. e4 O-O 5. Nge2 d6 6. Ng3 c5 7. d5 e6 8. Be2 exd5 9. cxd5 a6 10. a4 Nbd7 11. O-O h5 12. f3 Rb8 13. Bf4 Qe7 14. Bd3 Ne5 15. Bxe5 Qxe5 16. f4 Qd4+ 17.
Kh1 Ng4 18. Qe2 h4 19. h3 Nh6 20. Rad1 hxg3 21. e5 dxe5 22. Bxg6 Qb4 23. fxe5 fxg6 24. e6 Nf5 25. d6 Bxe6 26. Qxe6+ Kh7 27. Ne4 Kh8 28. Ng5 Qh4 29. Qxg6 Rf6 30. d7 Rxg6 31. d8=Q+ Rxd8 32. Rxd8+ Bf8 33. Rxf8+ Kg7 34. R1xf5 Qd4 35. R8f7+ Kg8 36. Rf8+ Kg7 37. R8f7+ Kh8 38. Rf8+ Rg8 39. Nf7+ Kg7 40. Rg5+ Kxf8 0-1

[Event "*** Titled Tuesday Blitz"]
[Site "Chess.com"]
[Date "2020.05.05"]
[Round "1"]
[White "Yurovskykh_Oleksandr"]
[Black "archess2"]
[Result "0-1"]
[WhiteElo "2570"]
[BlackElo "2272"]
[TimeControl "180+1"]
[EndTime "10:07:12 PDT"]
[Termination "archess2 won by resignation"]

1. d4 d5 2. Bf4 c5 3. e3 Nc6 4. c3 Nf6 5. Nd2 Bg4 6. Qb3 Qb6 7.
dxc5 Qxb3 8. axb3 e5 9. Bg3 Bxc5 10. Ngf3 Bd6 11. Bb5 Nd7 12. Nd4 exd4 13. Bxd6 dxe3 14. fxe3 a6 15. Bxc6 bxc6 16. h3 Bh5 17. b4 f6 18.
Nb3 Kf7 19. Kd2 Nb6 20. Bc5 Nc4+ 21. Kc1 Rhe8 22. Re1 Ne5 23. Kd2 Bg6 24. Nd4 Nc4+ 25. Kc1 Nxe3 26. Nxc6 Nc4 27. Ne7 a5 28. b3 Ne5 29.
Rxe5 fxe5 30. Nxd5 axb4 31. Rxa8 Rxa8 32. Nxb4 Ra1+ 33.
Kb2 Re1 34. Nc6 e4 35. g3 e3 36. Ne5+ Ke6 37. Nf3 Re2+ 38. Ka3 Kd5 39. Bd4 Rf2 40. Ng5 Rf5 41. h4 e2 42. Bxg7 e1=Q 43. c4+ Kc6 44. Bd4 0-1

[Event "*** Titled Tuesday Blitz"]
[Site "Chess.com"]
[Date "2020.05.05"]
[Round "1"]
[White "AustrianFalcon"]
[Black "Bastiandash"]
[Result "1-0"]
[WhiteElo "2501"]
[BlackElo "2092"]
[TimeControl "180+1"]
[EndTime "10:07:12 PDT"]
[Termination "AustrianFalcon won by resignation"]

1. d4 Nf6 2. c4 e6 3. Nf3 Bb4+ 4.
Bd2 a5 5. g3 O-O 6. Bg2 d5 7.
Qc2 c5 8. O-O cxd4 9. Nxd4 Nc6 10. Nxc6 bxc6 11. Nc3 Ba6 12. b3 Re8 13. Na4 Bxd2 14. Qxd2 dxc4 15. Qxd8 Rexd8 16. Nc5 cxb3 17. axb3 Bxe2 18. Rfe1 Bb5 19. Nb7 Rdb8 20. Nxa5 Ra6 21. Rec1 Rba8 22. b4 g6 23. Nb3 Rxa1 24. Rxa1 Rxa1+ 25.
Nxa1 Nd5 26. Nc2 Kf8 27. f4 Ke7 28. Bxd5 exd5 29. Kf2 Kd6 30. Nd4 Bc4 31. Ke3 c5 32.
bxc5+ Kxc5 33. Nf3 Bb5 34. Ng5 d4+ 35. Kd2 Be8 36. Nxh7 Kd5 37. Nf6+ Ke6 38. Nxe8 Ke7 39. Nc7 Kd6 40. Nb5+ Kc5 41. Na3 Kd5 42. Kd3 1-0

[Event "*** Titled Tuesday Blitz"]
[Site "Chess.com"]
[Date "2020.05.05"]
[Round "1"]
[White "SahajGrover"]
[Black "tufferguy"]
[Result "1-0"]
[WhiteElo "2727"]
[BlackElo "2378"]
[TimeControl "180+1"]
[EndTime "10:07:13 PDT"]
[Termination "SahajGrover won by checkmate"]

1. e4 e5 2. Nf3 Nc6 3. Bb5 a6 4. Ba4 Nf6 5. Qe2 d6 6. c3 Bg4 7. h3 Bh5 8. d3 Be7 9. Nbd2 O-O 10. Nf1 b5 11. Bb3 d5 12. Ng3 Bg6 13. Nh4 Re8 14. Nxg6 hxg6 15. h4 Na5 16. Bc2 Kf8 17. h5 gxh5 18. Nxh5 Nxh5 19. Qxh5 Bf6 20. g4 g5 21. Be3 d4 22. cxd4 exd4 23. Bd2 Nc6 24. Bb3 Ne5 25. Bb4+ Re7 26. Qh8+ Bxh8 27. Rxh8+ Kg7 28.
Rxd8 Rxd8 29. Bxe7 Rd7 30. Bxg5 Nf3+ 31. Ke2 Nxg5 32.
f4 Ne6 33. Bxe6 fxe6 34. Rc1 Kf6 35. g5+ Kg6 36. Rc6 Rd6 37. Rxd6 cxd6 38. Kf3 e5 39. fxe5 dxe5 40. Kg4 b4 41. a4 b3 42. a5 Kg7 43.
Kf5 Kf7 44. Kxe5 Kg6 45. Kf4 Kh5 46. e5 Kg6 47. e6 Kg7 48. Kf5 Kf8 49. Kf6 Kg8 50. g6 Kf8 51. g7+ Kg8 52. e7 Kh7 53.
e8=Q Kh6 54. Qh8# 1-0

[Event "*** Titled Tuesday Blitz"]
[Site "Chess.com"]
[Date "2020.05.05"]
[Round "1"]
[White "Gurvich_Vitaly"]
[Black "Wolverine_master"]
[Result "1-0"]
[WhiteElo "2560"]
[BlackElo "2214"]
[TimeControl "180+1"]
[EndTime "10:07:13 PDT"]
[Termination "Gurvich_Vitaly won on time"]

1. e4 c5 2. Nf3 g6 3. d4 cxd4 4.
Nxd4 Bg7 5. c4 Nc6 6. Be3 Nf6 7. Nc3 d6 8. Be2 O-O 9. O-O Bd7 10. Qd2 Nxd4 11.
Bxd4 Bc6 12. f3 a5 13. Rfd1 Re8 14. Rac1 a4 15. Nd5 Nd7 16. Bf2 Qa5 17. Qc2 Nc5 18. Bf1 e5 19. Nc3 Red8 20. Nb5 Bxb5 21. cxb5 Rac8 22. g3 Qa8 23. Qd2 b6 24. Bc4 Rc7 25.
Bd5 Qa5 26. Bc6 Qxd2 27. Rxd2 Ne6 28. Rc4 Nc5 29. Bxc5 bxc5 30. Rxa4 Rb8 31. Rxd6 Bf8 32. Rd1 f5 33. Rc4 fxe4 34. Rxe4 Ra7 35. a4 Re7 36. a5 Kf7 37. a6 Kf6 38. Ra4 Ra7 39. Rd7 1-0

[Event "*** Titled Tuesday Blitz"]
[Site "Chess.com"]
[Date "2020.05.05"]
[Round "1"]
[White "FedaMaster"]
[Black "GM4life"]
[Result "1-0"]
[WhiteElo "2523"]
[BlackElo "2153"]
[TimeControl "180+1"]
[EndTime "10:07:13 PDT"]
[Termination "FedaMaster won by checkmate"]

1. e4 c5 2. Nf3 d6 3. d4 cxd4 4. Nxd4 Nf6 5. f3 e5 6. Bb5+ Nbd7 7. Nf5 Qc7 8. Bg5 a6 9. Bxf6 gxf6 10. Ba4 b5 11. Bb3 Bb7 12. Nc3 Nb6 13. Qd3 O-O-O 14. O-O-O Qc5 15. Bxf7 Kb8 16. Kb1 Nc4 17. Bxc4 bxc4 18.
Qe3 Qa5 19. Nd5 Rg8 20. g4 Rg6 21. h4 Bg7 22. Nde7 d5 23. Nxg6 d4 24. Qc1 hxg6 25.
Nxg7 Rd6 26. c3 d3 27. h5 g5 28. h6 Rb6 29. Rh2 Qa3 30. h7 Bc6 31. h8=Q+ Ka7 32. Ne6 Ba4 33. Rh7+ Rb7 34. Rxb7+ Kxb7 35. bxa3 Bc2+ 36.
Ka1 Bxd1 37. Qb2+ Kc6 38. Qc8+ Kd6 39. Qb6+ Ke7 40. Qcc7+ Ke8 41. Qbc6# 1-0

[Event "*** Titled Tuesday Blitz"]
[Site "Chess.com"]
[Date "2020.05.05"]
[Round "1"]
[White "Islamovqaasim"]
[Black "thedjoker98"]
[Result "0-1"]
[WhiteElo "2041"]
[BlackElo "2487"]
[TimeControl "180+1"]
[EndTime "10:07:13 PDT"]
[Termination "thedjoker98 won on time"]

1. d4 d5 2. Nf3 Nf6 3. c4 c6 4. cxd5 cxd5 5. Nc3 Nc6 6. Bg5 Ne4 7. h4 h6 8. Bd2 Nxd2 9. Qxd2 Bg4 10. g3 e6 11.
Bg2 Be7 12. O-O O-O 13. a3 Rc8 14. Rac1 Na5 15. Ne5 Nb3 16. Qc2 Nxc1 17. Nxg4 Na2 18. Qb3 Nxc3 19. bxc3 b6 20. a4 Qc7 21. Rc1 Qc4 22.
Qc2 Bd6 23. Ne3 Qc7 24. Qd3 Qd7 25. c4 dxc4 26. Rxc4 Rxc4 27. Nxc4 Rc8 28. Qb3 Be7 29. e3 Bf6 30. Nd2 Qc7 31. Ne4 Be7 32. Qb5 Rd8 33.
Qa6 Rd7 34. h5 Rd5 35. g4 Ra5 36. Qd3 Rxa4 37. Qb3 Rc4 38. Qd1 Rc1 0-1

[Event "*** Titled Tuesday Blitz"]
[Site "Chess.com"]
[Date "2020.05.05"]
[Round "1"]
[White "Sanan_Sjugirov"]
[Black "ezkybel"]
[Result "1-0"]
[WhiteElo "2864"]
[BlackElo "2441"]
[TimeControl "180+1"]
[EndTime "10:07:14 PDT"]
[Termination "Sanan_Sjugirov won on time"]

1. e4 e6 2. d4 d5 3. e5 c5 4. c3 Nc6 5. Nf3 Bd7 6. Be2 Nge7 7. Na3 cxd4 8. cxd4 Nf5 9. Nc2 h5 10. h4 Be7 11. g3 Rc8 12. O-O g6 13. Rb1 Rg8 14.
b4 a6 15. a4 g5 16. Bxg5 Bxg5 17. Nxg5 Rxg5 18. hxg5 Qxg5 19. Rb3 Nce7 20. b5 Rc7 21.
Ne3 Nxe3 22. Rxe3 axb5 23. Bxb5 Nf5 24. Bxd7+ Kxd7 25. Rb3 h4 26. Qd3 Qg4 27. Qf3 Qxd4 28. Qh5 Ke8 29. g4 1-0

[Event "*** Titled Tuesday Blitz"]
[Site "Chess.com"]
[Date "2020.05.05"]
[Round "1"]
[White "swisspower96"]
[Black "queen_iryna"]
[Result "1-0"]
[WhiteElo "2606"]
[BlackElo "2283"]
[TimeControl "180+1"]
[EndTime "10:07:14 PDT"]
[Termination "swisspower96 won by resignation"]

1. d4 d5 2. c4 c6 3. cxd5 cxd5 4.
Bf4 Nc6 5. e3 Nf6 6. Nc3 a6 7.
Be2 e6 8. Nf3 Be7 9. h3 O-O 10. O-O Bd7 11. Bd3 Rc8 12. a3 Na5 13.
Ne5 Nc4 14. Qe2 b5 15. Rfc1 Be8 16. Na2 Nd7 17. e4 f6 18. Nf3 Ndb6 19. Rc2 Bg6 20. Nc3 Nxb2 21. Rxb2 Rxc3 22. Nh4 Bxe4 23. Bxe4 dxe4 24.
Bd2 Rc4 25. Ba5 Qxd4 26. Rd1 Qc5 27. Qg4 f5 28. Qh5 Nd5 29. g3 Rc1 30. Rd2 Rxd1+ 31. Rxd1 Rc8 32. Ng2 Bf6 33. Bd2 Qxa3 34. Nf4 Nxf4 35.
Bxf4 g6 36. Qe2 Rc1 37. Bxc1 Qxc1 38. Rxc1 1-0

[Event "*** Titled Tuesday Blitz"]
[Site "Chess.com"]
[Date "2020.05.05"]
[Round "1"]
[White "gmelviro"]
[Black "Pavlov_Sergey"]
[Result "0-1"]
[WhiteElo "2262"]
[BlackElo "2589"]
[TimeControl "180+1"]
[EndTime "10:07:14 PDT"]
[Termination "Pavlov_Sergey won on time"]

1. c4 e6 2. g3 d5 3. Bg2 dxc4 4. Na3 Bxa3 5. bxa3 a6 6. Qc2 Ne7 7. Bb2 O-O 8. Qxc4 Nd5 9. Nf3 b5 10. Qc2 Bb7 11. d4 Nd7 12. O-O Rc8 13. a4 b4 14.
e4 N5f6 15. Ne5 Nxe5 16. dxe5 Nd7 17. Rfd1 Qe7 18. a3 a5 19. axb4 axb4 20. a5 Qc5 21. Qb3 Nxe5 22. Rac1 Qxa5 23. Ra1 Qb5 24. Bf1 Qc6 25.
Bxe5 Qxe4 26. f4 Rfd8 27. Ra2 Rxd1 28. Qxd1 Qh1+ 29. Kf2 Qxh2+ 30. Ke3 Qxa2 31. Qd7 Rf8 32. Qxc7 Qb3+ 33. Bd3 Ba6 34. Qd6 Qxd3+ 35. Qxd3 Bxd3 36. Kxd3 Rc8 0-1

[Event "*** Titled Tuesday Blitz"]
[Site "Chess.com"]
[Date "2020.05.05"]
[Round "1"]
[White "beatnoguera"]
[Black "kleopl"]
[Result "1-0"]
[WhiteElo "1828"]
[BlackElo "2459"]
[TimeControl "180+1"]
[EndTime "10:07:14 PDT"]
[Termination "beatnoguera won by resignation"]

1. e4 c6 2. Nc3 d5 3. d3 e5 4.
g3 Bb4 5. Bd2 d4 6. Nce2 Bxd2+ 7. Qxd2 Ne7 8. Bg2 O-O 9. f4 f6 10.
Nf3 c5 11. O-O Nbc6 12. fxe5 fxe5 13. Qg5 Ng6 14. Qxd8 Rxd8 15. Rf2 Bg4 16. Raf1 b5 17. h3 Bxf3 18. Rxf3 Rf8 19. g4 Rxf3 20. Rxf3 c4 21. Ng3 Nf4 22. Nf5 Rd8 23. Bf1 cxd3 24. Bxd3 a6 25.
a4 Nb4 26. axb5 Nbxd3 27. cxd3 axb5 28. Ne7+ Kh8 29. Nc6 Re8 30. Nxd4 Nxh3+ 31. Rxh3 exd4 32. Kf2 Rc8 33. Kf3 Rc2 34. Rh5 Rxb2 35. Rd5 h6 36. Kf4 b4 37. Kf5 Kh7 38. Rxd4 b3 39. e5 Rf2+ 40. Ke6 b2 41. Rb4 Rd2 42. d4 Kg6 43. d5 Kg5 44. d6 g6 45. Ke7 h5 46. d7 h4 47. d8=Q Rxd8 48. Kxd8 h3 49. Rxb2 Kxg4 50. e6 Kf5 51. e7 g5 52. e8=Q 1-0

[Event "*** Titled Tuesday Blitz"]
[Site "Chess.com"]
[Date "2020.05.05"]
[Round "1"]
[White "Undisputed92"]
[Black "pgradalski"]
[Result "1-0"]
[WhiteElo "2560"]
[BlackElo "2213"]
[TimeControl "180+1"]
[EndTime "10:07:15 PDT"]
[Termination "Undisputed92 won on time"]

1. e4 e6 2. d4 d5 3. Nc3 Nc6 4. Nf3 Nf6 5. Bg5 Be7 6. Bxf6 Bxf6 7. Bb5 Bd7 8. O-O dxe4 9. Nxe4 O-O 10. c3 a6 11. Ba4 g6 12. Bc2 Bg7 13. Nc5 Bc8 14. Re1 Rb8 15. Be4 Ne7 16. Ne5 b6 17. Nb3 Bb7 18.
Bxb7 Rxb7 19. Qe2 a5 20. Rad1 a4 21. Nc1 Qd5 22. a3 Nc6 23. Qa6 Ra7 24. Nxc6 Rxa6 25. Ne7+ Kh8 26. Nxd5 exd5 27. Re7 c6 28. Nd3 Bf6 29.
Rc7 b5 30. Re1 Bd8 31. Rd7 Ra8 32. f4 Kg8 33. Kf2 Rc8 34. g3 Rc7 35. Rxc7 Bxc7 36. Re7 Rc8 37. Kf3 Bd6 38. Rd7 Bf8 39. Ne5 f6 40.
Ng4 Bg7 41. Ne3 h5 42. h4 Bf8 43. f5 g5 44. hxg5 fxg5 45. g4 h4 46. f6 h3 47. Kg3 Bh6 48. Nf5 Bf8 49. Kxh3 1-0

[Event "*** Titled Tuesday Blitz"]
[Site "Chess.com"]
[Date "2020.05.05"]
[Round "1"]
[White "Efremov_Vlad"]
[Black "Noam_Vitenberg"]
[Result "1/2-1/2"]
[WhiteElo "2119"]
[BlackElo "2498"]
[TimeControl "180+1"]
[EndTime "10:07:15 PDT"]
[Termination "Game drawn by repetition"]

1. c4 e6 2. d4 d5 3. Nf3 Nf6 4. Nc3 Bb4 5. Qa4+ Nc6 6. e3 O-O 7. Bd2 dxc4 8. Bxc4 Bd6 9. a3 e5 10. dxe5 Nxe5 11. Nxe5 Bxe5 12. Qc2 Qe7 13. O-O Be6 14.
Bxe6 Qxe6 15. f4 Bxc3 16. Qxc3 Rad8 17. Qc2 Qe4 18. Rac1 Rfe8 19. Qxe4 Nxe4 20. Bc3 b6 21. Rfd1 c5 22. Be1 f5 23. b4 Kf7 24. bxc5 bxc5 25. Ba5 Rxd1+ 26. Rxd1 Ke6 27. Rc1 Kd5 28. Kf1 c4 29. Ke2 Rb8 30. Rd1+ Kc6 31. Bb4 Rb5 32. Rc1 Kd5 33. Rd1+ Kc6 34. Rc1 Kd5 35. Rd1+ Kc6 1/2-1/2

[Event "*** Titled Tuesday Blitz"]
[Site "Chess.com"]
[Date "2020.05.05"]
[Round "1"]
[White "Bulldog167"]
[Black "Tashik"]
[Result "1-0"]
[WhiteElo "2928"]
[BlackElo "2458"]
[TimeControl "180+1"]
[EndTime "10:07:16 PDT"]
[Termination "Bulldog167 won by resignation"]

1. d4 Nf6 2. c4 c5 3. d5 b5 4. cxb5 a6 5. bxa6 g6 6. Nc3 Bg7 7. e4 O-O 8. a7 Rxa7 9. Nf3 e6 10. Be2 exd5 11. exd5 d6 12. O-O Re8 13. Nb5 Rd7 14.
Bc4 Na6 15. Bg5 Bb7 16. Rc1 Qa8 17. Bxf6 Bxf6 18. b3 Nb4 19. Nc3 Bxc3 20. Rxc3 Bxd5 21. Bxd5 Nxd5 22. Rd3 Nf4 23. Rxd6 Rxd6 24. Qxd6 Ne2+ 25.
Kh1 Qxa2 26. Qxc5 Qxb3 27. Re1 Re6 28. Qg5 Qc3 29. Rd1 Kg7 30. h3 h6 31. Qg4 Qc2 32.
Re1 Qc3 33. Kh2 Qc7+ 34. g3 Qc3 35. Rd1 Qc2 36. Rd2 Qc5 37. Kg2 Nc3 38. Rc2 Qa5 39. Qd4+ 1-0

[Event "*** Titled Tuesday Blitz"]
[Site "Chess.com"]
[Date "2020.05.05"]
[Round "1"]
[White "dennisodessa"]
[Black "almatyonelove"]
[Result "1-0"]
[WhiteElo "2286"]
[BlackElo "2584"]
[TimeControl "180+1"]
[EndTime "10:07:16 PDT"]
[Termination "dennisodessa won by resignation"]

1. d4 Nf6 2. c4 c5 3. d5 b5 4. cxb5 a6 5. bxa6 g6 6. Nc3 Bxa6 7. Nf3 Bg7 8. e4 Bxf1 9. Kxf1 d6 10. g3 Nbd7 11. Kg2 O-O 12. a4 Ra6 13. Qc2 Qa8 14.
Re1 Rc8 15. b3 e6 16. dxe6 fxe6 17. Bb2 d5 18. exd5 exd5 19. Nb5 d4 20. b4 Ng4 21. bxc5 Nxc5 22. Bxd4 Rf8 23. Qc3 Bxd4 24. Nxd4 Nxa4 25.
Qb3+ Kh8 26. Kg1 Nc5 27. Qc3 Rxa1 28. Rxa1 Qc8 29. Ne6+ Rf6 30. Nxc5 Kg8 31. Rc1 Rc6 32. Qc4+ Kh8 33. Qd4+ Nf6 34. Ne5 Rc7 35. Ned3 Rc6 36.
Re1 Kg7 37. Re7+ Kf8 38. Ra7 Qe8 39. Nd7+ Nxd7 40. Qxd7 Rc1+ 41. Nxc1 Qe1+ 42. Kg2 Qe4+ 43. f3 Qc2+ 44. Kh3 Qf5+ 45. Qxf5+ 1-0

[Event "*** Titled Tuesday Blitz"]
[Site "Chess.com"]
[Date "2020.05.05"]
[Round "1"]
[White "LivajaM"]
[Black "gurelediz"]
[Result "1/2-1/2"]
[WhiteElo "2272"]
[BlackElo "2587"]
[TimeControl "180+1"]
[EndTime "10:07:16 PDT"]
[Termination "Game drawn by repetition"]

1. d4 Nf6 2. Bg5 d5 3. Nf3 Ne4 4. Bf4 Bf5 5. e3 e6 6. c4 Bb4+ 7. Nbd2 g5 8. Be5 g4 9. a3 gxf3 10. axb4 f6 11. Nxe4 dxe4 12. Bg3 fxg2 13. Bxg2 h5 14. h4 Nc6 15. Qa4 Kf7 16. b5 Ne7 17. Qc2 Rg8 18. Bxe4 Bxe4 19. Qxe4 Nf5 20. Bf4 Rg4 21. Qxb7 Nxd4 22. Rxa7 Rxa7 23. Qxa7 Nf3+ 24.
Ke2 Ng1+ 25. Rxg1 Rxg1 26. Qxc7+ Qxc7 27. Bxc7 Ke7 28. Ba5 Rh1 29. Bb4+ Kd7 30. c5 Rxh4 31. c6+ Kc7 32. Ba5+ Kd6 33. Bc3 Rh1 34. Bxf6 h4 35. f4 h3 36. Be5+ Ke7 37. b6 h2 38. b7 Re1+ 39.
Kxe1 h1=Q+ 40. Kd2 Qd5+ 41. Ke1 Qa5+ 42. Kf2 Qd2+ 43.
Kf3 Qd1+ 44. Kf2 Qd2+ 45. Kf3 Qd1+ 46. Kf2 Qd2+ 1/2-1/2

[Event "*** Titled Tuesday Blitz"]
[Site "Chess.com"]
[Date "2020.05.05"]
[Round "1"]
[White "northridgehawk"]
[Black "MightyGMpretender"]
[Result "1-0"]
[WhiteElo "2270"]
[BlackElo "2569"]
[TimeControl "180+1"]
[EndTime "10:07:16 PDT"]
[Termination "northridgehawk won by checkmate"]

1. e4 c5 2. Nf3 d6 3. d3 g6 4. g3 Bg7 5. Bg2 e5 6. O-O Ne7 7. c3 Nbc6 8. h3 O-O 9. Nbd2 h6 10. a4 Be6 11. Nc4 Qd7 12. Kh2 f5 13. Ne3 f4 14.
Nc4 g5 15. g4 Bf6 16. Nfd2 Kg7 17. Bf3 Ng6 18. Rh1 Nh4 19. Kg1 h5 20. Kf1 Rh8 21.
gxh5 Bxh3+ 22. Ke1 g4 23. Rxh3 gxh3 24. Nf1 Bg5 25. Bg4 Qe7 26. Nh2 Rag8 27. Kd2 Kf8 28. Kc2 Bf6 29. a5 Rg7 30. f3 Bg5 31. Qf1 Ng2 32. Bd2 Ne3+ 33. Bxe3 fxe3 34. Qxh3 Bf4 35.
Nf1 Qc7 36. Nfxe3 b5 37. axb6 axb6 38. Ra8+ Nd8 39. Nd5 Qc6 40. Rxd8+ Kf7 41. Be6# 1-0

[Event "*** Titled Tuesday Blitz"]
[Site "Chess.com"]
[Date "2020.05.05"]
[Round "1"]
[White "sergeikim"]
[Black "Dumbo32"]
[Result "1-0"]
[WhiteElo "2488"]
[BlackElo "2034"]
[TimeControl "180+1"]
[EndTime "10:07:16 PDT"]
[Termination "sergeikim won on time"]

1. d4 d5 2. c4 dxc4 3. e3 Nf6 4. Bxc4 e6 5. Nf3 a6 6. a4 c5 7. O-O Qc7 8. Qe2 Nbd7 9. Nc3 Be7 10. Rd1 O-O 11. d5 exd5 12. Bxd5 Nb6 13. Ba2 Bg4 14. h3 Bh5 15. a5 Nbd7 16. e4 Ne5 17. g4 Bg6 18. Bf4 Nxf3+ 19. Qxf3 Qc6 20. Nd5 Bd8 21. e5 Be4 22. Nxf6+ Bxf6 23. Qg3 Be7 24. Bc4 Rad8 25. Be2 Rd4 26. Be3 Rb4 27. f3 Bd5 28.
Rd2 Rb3 29. Qf2 c4 30. Bd4 Bb4 31. Rc2 Rd8 32. Rac1 Bxf3 33. Rxc4 Qd5 34. Bf1 Bf8 35.
Bc3 h5 36. Rd4 1-0